 Dungeon Crawl Stone Soup version 0.13-a0-1553-g7307ddf (webtiles) character file.

74973 Kae the Severer (level 14, -7/127 HPs)
             Began as a Lava Orc Berserker on June 10, 2013.
             Was the Champion of Trog.
             Killed from afar by Nikola (32 damage)
             ... with a bolt of lightning
             ... on Level 3 of the Snake Pit.
             The game lasted 01:18:46 (28746 turns).

Kae the Severer (Lava Orc Berserker)               Turns: 28746, Time: 01:18:46

HP  -7/127       AC 33     Str 21      XL: 14   Next: 98%
MP   0/27        EV 10     Int  5 (7)  God: Trog [******]
Gold 2113        SH  0     Dex 19      Spells:  0 memorised, 13 levels left

Res.Fire  : + . .   See Invis. : .   E - +4,+1 executioner's axe (holy)
Res.Cold  : . . .   Warding    : .   N - +8 plate armour "Psead" {rPois Stlth++}
Life Prot.: . . .   Conserve   : .   (no shield)
Res.Poison: +       Res.Corr.  : .   (no helmet)
Res.Elec. : .       Clarity    : .   (no cloak)
Sust.Abil.: . .     Spirit.Shd : +   y - +1 pair of dwarf bracers {archer}
Res.Mut.  : .       Stasis     : .   C - +0 pair of boots
Res.Rott. : .       Flight     : .   n - amulet of guardian spirit
Saprovore : + . .                    A - +5 ring of dexterity
                                     e - ring of sustenance

@: about to teleport, slow, somewhat resistant to hostile enchantments,
extremely unstealthy
A: conserve scrolls, saprovore 1
a: Burn Spellbooks, Berserk, Trog's Hand, Brothers in Arms, Renounce Religion


You were on level 3 of the Snake Pit.
You worshipped Trog.
Trog was exalted by your worship.
You were near starving.

You visited 4 branches of the dungeon, and saw 26 of its levels.
You also visited: Volcano.

You collected 2828 gold pieces.
You spent 735 gold pieces at shops.

Inventory:

Hand weapons
 j - a +0,+2 anti-magic battleaxe
 l - a +1,+4 hand axe of electrocution (quivered)
 t - a +0,+3 executioner's axe of venom
 E - a +4,+1 executioner's axe of holy wrath (weapon)
Armour
 g - a +2 chain mail of fire resistance
 y - a +1 pair of dwarven bracers of archery (worn)
 C - a +0 pair of boots (worn)
 N - the +8 plate armour "Psead" (worn) {rPois Stlth++}
   (You found it on level 1 of the Lair of Beasts)

   It protects you from poison.
   It makes you much more stealthy.
Magical devices
 a - a wand of draining (7)
 o - a wand of digging (14)
 B - a wand of random effects (15) {unknown}
 G - a wand of slowing (15)
 S - a wand of digging (4)
Comestibles
 c - 7 meat rations
 f - 2 bread rations
 r - a banana
 v - 3 chokos
 H - 8 apples
 I - a royal jelly
Scrolls
 b - a scroll of fog
 i - 3 scrolls of amnesia {unknown}
 k - 12 scrolls of remove curse
 m - 2 scrolls of magic mapping
 p - 3 scrolls of blinking
 s - 3 scrolls of fear
 w - 6 scrolls of teleportation
 F - a scroll of enchant weapon II
 J - 2 scrolls of identify
 W - 2 scrolls of recharging
Jewellery
 e - a ring of sustenance (left hand)
 n - an amulet of guardian spirit (around neck)
 z - an uncursed ring of ice {unknown}
 A - a +5 ring of dexterity (right hand)
Potions
 d - 2 potions of berserk rage
 h - a potion of speed
 q - 2 potions of might {unknown}
 u - a potion of confusion {unknown}
 x - 2 potions of agility
 D - a potion of brilliance {unknown}
 R - 10 potions of curing
 Z - 3 potions of restore abilities
Miscellaneous
 P - an ornate deck of war


   Skills:
 + Level 15.3 Fighting
 + Level 19.0 Axes
 + Level 14.1 Armour
 + Level 11.3 Dodging
 - Level 10.6 Evocations


You had 13 spell levels left.
You didn't know any spells.

Dungeon Overview and Level Annotations

Branches:
Dungeon (11/27)            Temple (0/1) D:5             Orc (4/4) D:9
    Elf (0/3) Orc:4          Lair (8/8) D:10          Swamp (0/5) Lair:3
  Snake (3/5) Lair:3        Slime (0/6) Lair:6

Altars:
Xom
the Shining One
Beogh

Shops:
D:5: (%/=* D:10: [ D:11: ? Orc:4: (*[+

Annotations
Lair:7 exclusion: 3 oklob plants
Snake:3 Nikola


Innate Abilities, Weirdness & Mutations

You have stony skin.
You cover ground slowly.
Your flesh is heat resistant.
Your flesh is vulnerable to cold.
Your heat harms attackers.
You bathe your surroundings in blazing heat.
You are too hot to use scrolls.
You are very good at protecting items from fire.
You can tolerate rotten meat.


Message History

Unknown command.
Your plate armour prevents you from hitting Nikola.
Nikola is severely wounded.
Nikola hits you but does no damage.
Unknown command.
You slice Nikola!!
Nikola is severely wounded.
The naga closely misses you.
Nikola casts a spell.
Nikola blinks!
Unknown command.
Read which item? (? for menu, Esc to quit)
As you read the scroll of teleportation, it crumbles to dust.
You feel strangely unstable. The naga hits you but does no damage.
You feel less exhausted. The naga spits poison at you.
The splash of poison hits you! You resist.
Nikola gestures at you while chanting. The bolt of lightning hits you!
You die...

###+# ##+##
##....###...##
#......#.....##
+.............#
#.............#
#.............+
#........@...#
##...N.......#
##..........#
#'##.@.....####+#
#.
#...%.........# #
#.............#
#.............#
...
#............#
#......
+...........##


You could see Nikola and a naga.

Vanquished Creatures
  An orc warlord (Orc:3)
  The ghost of Kae the Markscentaur, a powerful CeHu of Okawaru (D:10)
  A dragon (Lair:4)
  5 hydras
  4 anacondas
  The ghost of Kae the Slicer, a powerful SpEn of Nemelex Xobeh (Lair:3)
  11 death yaks
  3 orc high priests (Orc:4)
  A soul eater (Orc:4)
  6 naga warriors
  5 orc knights (Orc:4)
  Pikel (D:6)
  A hill giant (D:11)
  The ghost of EuServersOMG the Carver, an experienced MiFi of Okawaru (D:6)
  Joseph (D:8)
  5 orc sorcerers
  2 griffons
  10 black mambas
  An elephant slug (Lair:8)
  9 elephants
  A spriggan druid (Lair:8)
  6 spiny frogs
  2 hellwings (Orc:4)
  Psyche (Orc:4)
  An ugly thing (Volcano)
  4 naga magi
  A feature mimic (Lair:3)
  4 blink frogs (Lair:8)
  An iron devil (Orc:4)
  5 komodo dragons
  8 spriggans (Lair:8)
  5 trolls
  A blue devil (Orc:4)
  2 basilisks
  13 grizzly bears (Lair:8)
  A giant firefly (Lair:8)
  30 yaks
  2 wyverns
  A ynoxinul (Orc:4)
  2 molten gargoyles (Volcano)
  7 hippogriffs
  A steam dragon (D:11)
  The ghost of angelmind the Geomancer, an average GrEE (D:4)
  2 fire drakes
  A mottled dragon (D:11)
  Edmund (D:6)
  2 necrophages
  A deep elf summoner (Orc:4)
  4 war dogs (Lair:2)
  A boulder beetle (Lair:8)
  A manticore zombie (D:9)
  10 black bears (Lair:8)
  A phantom (D:8)
  14 ice beasts
  19 orc warriors
  2 sky beasts
  12 ogres
  A giant goldfish (D:8)
  5 boring beetles
  19 wolves
  A centaur (D:5)
  46 nagas
  Duvessa (D:5)
  4 wargs
  11 crocodiles
  A rotting devil (Orc:4)
  13 giant frogs
  A giant frog zombie (D:10)
  A water moccasin zombie (D:6)
  7 giant slugs
  24 water moccasins
  An earth elemental (Volcano)
  A giant frog skeleton (D:11)
  11 agate snails
  17 lava fish (Volcano)
  A jellyfish (Lair:3)
  5 killer bees (D:8)
  A brain worm zombie (D:9)
  4 wights (D:6)
  A giant frog simulacrum (D:8)
  A goliath beetle (D:9)
  A fire bat (Volcano)
  6 crimson imps
  12 hounds
  Dowan (D:5)
  2 quasits
  A big fish (D:8)
  A human (D:8)
  4 iguanas
  20 orc priests
  34 orc wizards
  8 worker ants
  6 porcupines
  2 scorpions
  5 orc zombies
  19 sheep
  Ijyb (D:2)
  A jelly (D:9)
  Terence (D:2)
  2 mummies
  7 gnolls
  28 adders
  A giant centipede (Lair:4)
  44 green rats
  3 white imps (D:8)
  An inept feature mimic (D:5)
  3 giant mites
  A goliath beetle simulacrum (D:8)
  7 ufetubi (Orc:4)
  3 worms
  A bat skeleton (D:5)
  A giant eyeball (D:6)
  A giant mite zombie (D:5)
  7 giant geckos
  2 oozes
  175 orcs
  23 bats
  18 hobgoblins
  26 jackals
  13 quokkas
  2 ball pythons
  3 giant cockroaches
  4 giant newts
  14 goblins
  A goblin zombie (D:5)
  A hobgoblin zombie (D:7)
  20 kobolds
  An orc simulacrum (D:8)
  23 rats
  2 ballistomycetes (D:11)
  A bush (Lair:5)
  12 fungi
  7 plants
1002 creatures vanquished.

Vanquished Creatures (collateral kills)
  An orc sorcerer (Orc:4)
  An orc zombie (Orc:4)
  An orc warrior (Orc:4)
  An orc priest (Orc:4)
  An orc wizard (Orc:4)
5 creatures vanquished.

Vanquished Creatures (others)
  3 slaves (D:6)
  A water moccasin (Snake:3)
  A giant frog (Lair:4)
  A hound (Lair:6)
  An orc wizard (D:11)
  An orc priest (Orc:4)
  2 goblins
  A giant spore (D:11)
  4 fungi
  A plant (Lair:8)
16 creatures vanquished.

Grand Total: 1023 creatures vanquished

Notes
Turn   | Place    | Note
--------------------------------------------------------------
     0 | D:1      | Kae, the Lava Orc Berserker, began the quest for the Orb.
     0 | D:1      | Reached XP level 1. HP: 19/19 MP: 0/0
   272 | D:1      | Reached XP level 2. HP: 20/26 MP: 1/1
   337 | D:1      | Reached skill level 4 in Fighting
   536 | D:1      | Acquired Trog's second power
   699 | D:2      | Reached XP level 3. HP: 29/33 MP: 2/2
   882 | D:2      | Noticed Ijyb
   890 | D:2      | Killed Ijyb
   940 | D:2      | Noticed Terence
   944 | D:2      | Killed Terence
   944 | D:2      | Reached XP level 4. HP: 40/40 MP: 3/3
  1139 | D:2      | Reached skill level 5 in Axes
  2053 | D:3      | Reached XP level 5. HP: 12/46 MP: 1/4
  2354 | D:4      | Noticed angelmind's ghost (average GrEE)
  2363 | D:4      | Killed angelmind's ghost
  2363 | D:4      | Reached skill level 5 in Fighting
  2363 | D:4      | Reached XP level 6. HP: 53/53 MP: 5/5
  2503 | D:4      | Noticed an ogre
  2509 | D:4      | Killed an ogre
  2509 | D:4      | Reached skill level 6 in Axes
  2711 | D:4      | Acquired Trog's third power
  2771 | D:5      | Entered Level 5 of the Dungeon
  2781 | D:5      | Found a staircase to the Ecumenical Temple.
  2797 | D:5      | Found Muvacsaw's Food Shop.
  2813 | D:5      | Noticed Duvessa
  2814 | D:5      | Noticed Dowan
  2828 | D:5      | Killed Duvessa
  2831 | D:5      | Killed Dowan
  2831 | D:5      | Reached XP level 7. HP: 60/60 MP: 3/6
  2972 | D:5      | Found Rakiagat's Weapon Boutique.
  3102 | D:5      | Bought a +1,+0 hand axe of electrocution for 170 gold pieces
  3214 | D:5      | Found Haqy's Magical Wand Shop.
  3272 | D:5      | Reached skill level 7 in Axes
  3422 | D:5      | Found Brusoig's Jewellery Shop.
  3744 | D:5      | Found Acuucuod's Assorted Antiques.
  3749 | D:5      | Reached XP level 8. HP: 69/69 MP: 7/7
  3936 | D:6      | Noticed Edmund
  3946 | D:6      | Killed Edmund
  3946 | D:6      | Reached skill level 5 in Armour
  3963 | D:6      | Reached skill level 8 in Axes
  4018 | D:6      | Noticed EuServersOMG's ghost (experienced MiFi)
  4035 | D:6      | Killed EuServersOMG's ghost
  4471 | D:6      | Reached skill level 9 in Axes
  4480 | D:6      | Reached XP level 9. HP: 75/75 MP: 5/8
  4526 | D:6      | Paralysed by a giant eyeball for 3 turns
  4842 | D:6      | Noticed Pikel
  4850 | D:6      | Killed Pikel
  5587 | D:7      | Found a shimmering altar of Xom.
  5605 | D:7      | Reached skill level 10 in Axes
  5924 | D:8      | Reached skill level 5 in Dodging
  6324 | D:8      | Noticed Joseph
  6339 | D:8      | Killed Joseph
  6339 | D:8      | Reached skill level 11 in Axes
  6339 | D:8      | Reached XP level 10. HP: 85/85 MP: 7/9
  7598 | D:8      | Got a bloodstained ring mail
  7607 | D:8      | Identified the cursed -3 ring mail of Kapseh {+Fly SInv} (You found it on level 8 of the Dungeon)
  7786 | D:9      | Reached skill level 12 in Axes
  7919 | D:9      | Found a staircase to the Orcish Mines.
  8809 | D:10     | Entered Level 10 of the Dungeon
  8854 | D:10     | Found Oculorap's Antique Armour Emporium.
  8863 | D:10     | Bought a runed orcish scale mail for 151 gold pieces
  8932 | D:10     | Found a staircase to the Lair.
  8953 | D:10     | Got a distressingly furry chain mail
  8955 | D:10     | Identified the cursed +0 chain mail of Grace {rF++} (You found it on level 10 of the Dungeon)
  9229 | D:10     | Reached skill level 13 in Axes
  9229 | D:10     | Reached XP level 11. HP: 82/94 MP: 10/10
  9277 | D:10     | Noticed Kae's ghost (powerful CeHu)
  9284 | D:10     | Killed Kae's ghost
  9284 | D:10     | Reached skill level 10 in Fighting
 10312 | D:11     | Found Striucir's Magic Scroll Boutique.
 10323 | D:11     | Bought 3 scrolls of enchant armour for 214 gold pieces
 10323 | D:11     | Bought a scroll of recharging for 71 gold pieces
 10323 | D:11     | Bought a scroll of enchant weapon II for 71 gold pieces
 10323 | D:11     | Bought a scroll of identify for 26 gold pieces
 10508 | D:11     | Noticed a hill giant
 10517 | D:11     | Killed a hill giant
 10571 | D:11     | Reached skill level 14 in Axes
 10870 | Lair:1   | Entered Level 1 of the Lair of Beasts
 11563 | Lair:1   | Received a gift from Trog
 11764 | Lair:1   | Got a steaming plate armour
 11765 | Lair:1   | Identified the cursed +8 plate armour "Psead" {rPois Stlth++} (You found it on level 1 of the Lair of Beasts)
 13066 | Lair:3   | Received a gift from Trog
 13277 | Lair:3   | Reached skill level 15 in Axes
 13277 | Lair:3   | Reached skill level 10 in Armour
 13285 | Lair:3   | Reached XP level 12. HP: 104/104 MP: 8/11
 13322 | Lair:3   | Noticed Kae's ghost (powerful SpEn)
 13333 | Lair:3   | Found a staircase to the Snake Pit.
 13364 | Lair:3   | Killed Kae's ghost
 13755 | Lair:3   | Found a staircase to the Swamp.
 13975 | Lair:3   | Noticed a five-headed hydra
 13985 | Lair:3   | Killed a ten-headed hydra
 14883 | Lair:4   | Noticed a dragon
 14919 | Lair:4   | Killed a dragon
 15122 | Lair:5   | Received a gift from Trog
 15122 | Lair:5   | Reached skill level 16 in Axes
 15383 | Lair:5   | Noticed an eight-headed hydra
 15390 | Lair:5   | Killed a ten-headed hydra
 15677 | Lair:5   | Noticed a five-headed hydra
 15695 | Lair:5   | Killed a 12-headed hydra
 16167 | Lair:6   | Noticed a five-headed hydra
 16177 | Lair:6   | Killed a 11-headed hydra
 16970 | Lair:6   | Reached skill level 17 in Axes
 17052 | Lair:6   | Noticed an azure jelly
 17053 | Lair:6   | Found a staircase to the Slime Pits.
 17054 | Lair:6   | Noticed an azure jelly
 18136 | Lair:7   | Reached XP level 13. HP: 94/114 MP: 10/12
 18354 | Lair:2   | Paralysed by you for 7 turns
 18493 | Lair:4   | Received a gift from Trog
 18776 | Lair:7   | Reached skill level 1 in Evocations
 20080 | Lair:8   | Entered Level 8 of the Lair of Beasts
 20197 | Lair:8   | Reached skill level 5 in Evocations
 20599 | Lair:8   | Noticed a five-headed hydra
 20612 | Lair:8   | Killed a nine-headed hydra
 20613 | Lair:8   | Reached skill level 10 in Dodging
 21004 | Lair:8   | Received a gift from Trog
 21083 | Lair:8   | Reached skill level 18 in Axes
 21441 | Lair:8   | Reached XP level 14. HP: 102/124 MP: 25/25
 21847 | Lair:8   | Received a gift from Trog
 22329 | Orc:1    | Entered Level 1 of the Orcish Mines
 22748 | Orc:3    | Noticed an orc warlord
 22759 | Orc:3    | Killed an orc warlord
 23040 | Orc:2    | Received a gift from Trog
 23140 | Orc:2    | Found a dark tunnel.
 23257 | Volcano  | Entered a volcano
 23475 | Volcano  | Found a bloodstained altar of Trog.
 23667 | Orc:1    | Found a shimmering altar of Xom.
 23785 | Orc:3    | Received a gift from Trog
 24161 | Orc:4    | Entered Level 4 of the Orcish Mines
 24173 | Orc:4    | Found a staircase to the Elven Halls.
 24211 | Orc:4    | Found a glowing golden altar of the Shining One.
 24369 | Orc:4    | Received a gift from Trog
 24442 | Orc:4    | Found a roughly hewn altar of Beogh.
 24614 | Orc:4    | Noticed Psyche
 24622 | Orc:4    | Killed Psyche
 24861 | Orc:4    | Found Tytoidaera's Antique Weapon Shoppe.
 24873 | Orc:4    | Reached skill level 10 in Evocations
 25371 | Orc:4    | Received a gift from Trog
 25378 | Orc:4    | Found Qachai's Armour Shop.
 25378 | Orc:4    | Found Wutiukama's Book Shop.
 25831 | Orc:4    | Found Raravov's General Store.
 25848 | Orc:4    | Bought a scroll of identify for 32 gold pieces
 26309 | Snake:1  | Entered Level 1 of the Snake Pit
 26698 | Snake:1  | Received a gift from Trog
 27726 | Snake:2  | Reached skill level 15 in Fighting
 28276 | Snake:2  | Received a gift from Trog
 28447 | Snake:2  | Reached skill level 19 in Axes
 28722 | Snake:3  | Noticed Nikola
 28746 | Snake:3  | Killed from afar by Nikola

Action                   |  1- 3 |  4- 6 |  7- 9 | 10-12 | 13-15 || total
-------------------------+-------+-------+-------+-------+-------++-------
Melee: Hand axe          |   116 |   167 |   300 |   956 |       ||  1539
       Executioner's axe |       |       |       |   244 |  1169 ||  1413
Throw: Hand axe          |       |       |       |     1 |       ||     1
Invok: Berserk           |     2 |     3 |     6 |    14 |    11 ||    36
       Trog's Hand       |       |       |     1 |     6 |     5 ||    12
       Burn Spellbooks   |       |       |       |     5 |       ||     5
       Brothers in Arms  |       |       |       |       |     1 ||     1
Evoke: Wand              |       |       |     2 |     5 |     6 ||    13
  Use: Scroll            |       |    10 |     2 |    25 |    12 ||    49
       Potion            |       |       |       |     3 |     4 ||     7
 Stab: Distracted        |       |     1 |       |       |       ||     1
       Sleeping          |       |       |     1 |       |       ||     1
